 Dungeon Crawl Stone Soup version 0.27.1-33-g824d729ab1 (webtiles) character file.

Game seed: 10157045842825546657

243 Kaptain the Shield-Bearer (level 5, -2/47 HPs)
             Began as a Minotaur Fighter on Dec 19, 2021.
             Killed from afar by an orc wizard (5 damage)
             ... with a magic dart
             ... on level 4 of the Dungeon.
             The game lasted 00:06:47 (3831 turns).

Kaptain the Shield-Bearer (Minotaur Fighter)        Turns: 3831, Time: 00:06:48

Health: -2/47      AC:  8    Str: 21    XL:     5   Next: 82%
Magic:  5/5        EV:  8    Int:  5    God:
Gold:   146        SH:  9    Dex: 10    Spells: 5/5 levels left

rFire    . . .     SeeInvis .   a - +0 war axe
rCold    . . .     Faith    .   c - +0 kite shield
rNeg     + . .     Spirit   .   b - +0 scale mail
rPois    .         Reflect  .   (helmet restricted)
rElec    .         Harm     .   (no cloak)
rCorr    .         Rampage  .   (no gloves)
Will     .....                  k - +0 pair of boots
Stlth    ..........             (no amulet)
HPRegen  0.15/turn              f - ring of positive energy
MPRegen  0.09/turn              (no ring)

@: mighty, lethally poisoned (-2 -> -3)
A: horns 2, retaliatory headbutt
a: no special abilities


You were on level 4 of the Dungeon.
You visited 2 branches of the dungeon, and saw 6 of its levels.

You collected 146 gold pieces.

Inventory:

Hand Weapons
 a - a +0 war axe (weapon)
 h - a +0 trident
Armour
 b - a +0 scale mail (worn)
 c - a +0 kite shield (worn)
 k - a +0 pair of boots (worn)
Magical Staves
 n - a staff of conjuration
Jewellery
 f - a ring of positive energy (left hand)
Scrolls
 g - a scroll of amnesia {unknown}
 j - 3 scrolls of identify {unknown}
 m - a scroll of enchant armour {unknown}
 p - a scroll of teleportation {unknown}
 q - a scroll of brand weapon {unknown}
Potions
 d - 3 potions of might
 e - a potion of mutation {unknown}
 i - a potion of curing {unknown}
 l - a potion of cancellation {unknown}
 o - a potion of berserk rage {unknown}


   Skills:
 * Level 4.8 Fighting
 + Level 3.2 Axes
 * Level 4.8 Armour
 * Level 2.2 Dodging
 * Level 4.8 Shields
 + Level 0.9 Spellcasting


You had 5 spell levels left.
You didn't know any spells.
Your spell library contained the following spells:

 Spells                   Type           Power      Damage    Failure   Level
 Olgreb's Toxic Radiance  Pois           0%         N/A       100%        4
 Ozocubu's Refrigeration  Ice            0%         4d5       100%        7
 Ignition                 Fire           0%         3d3       100%        8


Dungeon Overview and Level Annotations

Branches:
Dungeon (5/15)             Temple (1/1) D:4

Altars:
Cheibriados
Dithmenos
Elyvilon
Fedhas
Hepliaklqana
Kikubaaqudgha
Nemelex Xobeh
Okawaru
Qazlal
Ru
Trog
Uskayaw
Vehumet
Xom
Zin
The Shining One

Shops:
D:4 *


Innate Abilities, Weirdness & Mutations

You have a pair of horns on your head.
You reflexively headbutt those who attack you in melee.


Message History

You miss something. You hit the iguana.
The centaur wields a +0 shortbow.
The centaur shoots an arrow.
The arrow hits you! The orc hits you but does no damage.
Something hits you but does no damage. You block the iguana's attack.
The adder bites you but does no damage. The orc hits you but does no damage.
Something hits you but does no damage. The adder bites you.
You block the iguana's attack.
You closely miss the orc. You hit the iguana but do no damage.
You miss something. You hit the orc but do no damage.
You barely miss the adder. The orc hits you with a +0 short sword.
You block the adder's attack. The orc hits you with a +0 mace.
You block something's attack. The iguana barely misses you.
You block the orc's attack. The adder closely misses you.
Unknown command.
The centaur unwields a +0 shortbow.
The centaur hits you but does no damage.
You block the centaur's attack. The orc barely misses you. Something hits you.
The iguana bites you.
* * * LOW HITPOINT WARNING * * *
The adder bites you.
* * * LOW HITPOINT WARNING * * *
You are poisoned.
The adder poisons you! The orc hits you but does no damage.
You climb upwards.
Reactivating autopickup.
You feel sick.
There is a stone staircase leading down here.
You feel very mighty all of a sudden.
You feel sick. The orc hits you but does no damage. Something hits you.
* * * LOW HITPOINT WARNING * * *
Deactivating autopickup; reactivate with Ctrl-A.
You hit the orc but do no damage.
The orc is severely wounded.
You closely miss something.
You feel sick. The orc hits you but does no damage. Something hits you.
* * * LOW HITPOINT WARNING * * *
The orc closely misses you.
You hear some strange, mumbled words.
A magic dart appears from out of thin air!
The magic dart hits you.
You die...

....#...# #.#
...###.#######)#
#..# #.......#.#
.(.# #.#####.#.#
#.## #.# #.#.# #.#
#.# #.#.### #.#
#.# #.#.cl# #.#
#.#####.###o# #.#
#.......# #@#
#.#######.######{#
..##...........oS#
........#.#####..#
####.##.#######..#
#.##.#.....#..#
#.####.≈≈≈.#.##
#.##.'.≈...#.#
#.##.'.≈._.#.#


You could see a centaur, an iguana, an adder and 2 orcs.

Vanquished Creatures
  A hound (D:3)
  Robin (D:3)
  7 adders
  3 gnolls (D:4)
  2 worms (D:3)
  5 dart slugs
  10 orcs
  3 ball pythons
  3 bats
  8 endoplasms
  A giant cockroach (D:2)
  12 goblins
  8 hobgoblins
  3 jackals (D:1)
  5 quokkas
  7 frilled lizards
  6 kobolds
  2 rats
87 creatures vanquished.

Vanquished Creatures (others)
  7 plants (D:2)
7 creatures vanquished.

Grand Total: 94 creatures vanquished

Notes
Turn   | Place    | Note
-------+----------+-------------------------------------------
     0 | D:1      | Kaptain the Minotaur Fighter began the quest for the Orb.
     0 | D:1      | Reached XP level 1. HP: 19/19 MP: 0/0
   150 | D:1      | Reached XP level 2. HP: 27/27 MP: 1/1
   852 | D:2      | Reached XP level 3. HP: 33/33 MP: 2/2
  1347 | D:2      | Found a faded altar of an unknown god.
  1876 | D:3      | Reached skill level 1 in Dodging
  1876 | D:3      | Reached XP level 4. HP: 34/40 MP: 3/3
  2088 | D:3      | Noticed Robin
  2102 | D:3      | Killed Robin
  2263 | D:3      | Reached XP level 5. HP: 47/47 MP: 4/4
  2943 | D:4      | Found Minon's Assorted Antiques.
  3396 | D:4      | Found a hide-covered altar of Uskayaw.
  3598 | D:4      | Found a staircase to the Ecumenical Temple.
  3604 | Temple   | Entered the Ecumenical Temple
  3819 | D:5      | Entered Level 5 of the Dungeon
  3823 | D:5      | Noticed a centaur
  3831 | D:4      | Killed from afar by an orc wizard

Illustrated notes

Levels and vault maps discovered:
D:1:      tarquinn_simple_flora_water_f, layout_loops_cross,
          corexii_item_surrounded_by_moat, nrook_mini_backslash,
          hangedman_decor_riveting
D:2:      layout_basic, dreamdust_ecumenical_altar_grove, serial_bayou,
          serial_bayou_pond_b, serial_bayou_lagoon_b, serial_bayou_shore_b,
          serial_bayou_pond_e, serial_bayou_lake_a, serial_bayou_shore_b,
          minmay_misc_feat_chi
D:3:      layout_rooms, uniq_robin
D:4:      layout_loops_ring, mainiacjoe_overflow_alcove_4,
          minmay_temple_entry_butterflies, serial_shops, nicolae_shop_trees
D:5:      layout_rooms, chequers_serial_rivers_small_b
Temple:   bh_familiar_temple

Skill      XL: |  1  2  3  4  5 |
---------------+----------------+-----
Fighting       | 4 |  4.8
Shields        | 4 |  4.8
Armour         | 4 |  4.8
Dodging        | 1 2 |  2.2
Axes           | 3 |  3.2
Spellcasting   | |  0.9

Action                   |  1- 3 |  4- 6 || total
-------------------------+-------+-------++-------
Melee: War axe           |    72 |    98 ||   170
       Headbutt          |    11 |     9 ||    20
  Use: Potion            |       |     1 ||     1
Armor: Scale mail        |    26 |    57 ||    83
Dodge: Dodged            |    30 |    39 ||    69
Block: Kite shield       |    37 |    61 ||    98
